 Dungeon Crawl Stone Soup version 0.27-a0-972-gd1521fd518 (webtiles) character file.

Game seed: 7545928649733246890

121 robertstho the Magician (level 5, -1/37 HPs)
             Began as a Djinni Fire Elementalist on Apr 13, 2021.
             Slain by an orc
             ... wielding a +0 flail
              (7 damage)
             ... on level 3 of the Dungeon.
             The game lasted 00:03:07 (2723 turns).

robertstho the Magician (Djinni Fire Elementalist)  Turns: 2723, Time: 00:03:07

Health: -1/37      AC:  2    Str:  7    XL:     5   Next: 5%
Gold:   69         EV: 12    Int: 18    God:
                   SH:  0    Dex: 13

rFire    + + .     SeeInvis .   g - +0 glaive
rCold    x . .     Faith    .   (shield currently unavailable)
rNeg     . . .     Spirit   .   a - +0 robe
rPois    ∞         Reflect  .   (no helmet)
rElec    .         Harm     .   (no cloak)
rCorr    .         Rampage  .   (no gloves)
Will     .....                  (boots unavailable)
Stlth    ++........             (no amulet)
HPRegen  0.12/turn              (no ring)
MPRegen  0.00/turn              (no ring)

@: flying
A: fire resistance 2, cold vulnerability 1, float, innate caster, hp casting,
extra vitality 1
a: no special abilities


You were on level 3 of the Dungeon.
You visited 1 branch of the dungeon, and saw 3 of its levels.

You collected 69 gold pieces.

Inventory:

Hand Weapons
 b - a +0 dagger
 g - a +0 glaive (weapon)
Armour
 a - a +0 robe (worn)
Jewellery
 f - a ring of see invisible
Scrolls
 e - a scroll of holy word {unknown}
Potions
 c - a potion of resistance {unknown}
 d - a potion of heal wounds {unknown}


   Skills:
 * Level 1.2 Fighting
 + Level 2.3 Dodging
 + Level 1.7 Stealth
 * Level 4.4 Spellcasting


You couldn't memorise any spells.
You knew the following spells:

 Your Spells              Type           Power      Damage    Failure   Level
a - Foxfire               Conj/Fire      80%        2x1d8     2%          1
b - Conjure Flame         Conj/Fire      20%        6-21      7%          3
c - Inner Flame           Hex/Fire       20%        N/A       7%          3
d - Sticky Flame          Conj/Fire      20%        2d4       22%         4
e - Fireball              Conj/Fire      10%        3d6       54%         5
f - Summon Small Mammal   Summ           80%        N/A       2%          1
g - Call Imp              Summ           20%        N/A       3%          2
Your spell library was empty.

Dungeon Overview and Level Annotations

Branches:
Dungeon (3/15)

Altars:
Elyvilon


Innate Abilities, Weirdness & Mutations

You are immune to poison.
Your flesh is very heat resistant. (rF++)
You are vulnerable to cold. (rC-)
You float through the air rather than walking.
You learn spells naturally, not from books.
Your magical power is your life essence.
You have superior vitality. (+4 HP)


Message History

Aim: an orc, wielding a +0 falchion (0% to evade)
The sticky flame hits the orc.
The orc is almost dead.
The orc is covered in liquid flames!
The orc burns!
You kill the orc!
Casting: Sticky Flame (extremely dangerous; 22% risk of failure)
Confirm with . or Enter, or press ? or * to list all spells.
You conjure some foxfire!
The orc closely misses you.
The foxfire hits the orc but does no damage.
The orc is almost dead.
The foxfire hits the orc.
You kill the orc!
The orc throws a boomerang.
The boomerang hits you.
Unknown command.
Casting: Foxfire (safe; 2% risk of failure)
Confirm with . or Enter, or press ? or * to list all spells.
You conjure some foxfire!
The foxfire hits the orc.
The orc is heavily wounded.
The foxfire hits the orc.
The orc is almost dead.
Unknown command.
Casting: Foxfire (safe; 2% risk of failure)
Confirm with . or Enter, or press ? or * to list all spells.
You conjure some foxfire!
The orc hits you with a +0 hand axe. The orc hits you with a +0 flail!
The foxfire hits the orc.
The orc is severely wounded.
The foxfire hits the orc.
The orc is almost dead.
The orc closely misses you. The orc hits you with a +0 flail.
* * * LOW HITPOINT WARNING * * *
Unknown command.
The orc closely misses you.
You closely miss the orc.
The orc is almost dead.
The orc hits you with a +0 flail.
* * * LOW HITPOINT WARNING * * *
The orc hits you with a +0 flail!
You die...

#.###..#....)....
#.#..).o.........
##.#.####.###..>..
#..)....#.# ###..
.### #..#.##.#.#
..
.....##..#.##.#.#
o
.......o...##.#..
.....##o#.###.###
.### #@#.###.#
#.......#
###.##### #.# .
####.###....
#......†....
#.##........
.######.#####..#..
.......:...# ..#.#


You could see 2 orcs.

Vanquished Creatures
  Jessica (D:2)
  Terence (D:2)
  A dart slug (D:1)
  5 orcs
  7 endoplasms
  A giant cockroach (D:1)
  9 hobgoblins
  6 jackals (D:2)
  4 quokkas
  3 ball pythons
  6 bats
  4 frilled lizards
  3 goblins
  3 kobolds
  5 rats
59 creatures vanquished.

Vanquished Creatures (others)
  170 foxfires
  A plant (D:2)
171 creatures vanquished.

Grand Total: 230 creatures vanquished

Notes
Turn   | Place    | Note
-------+----------+-------------------------------------------
     0 | D:1      | robertstho the Djinni Fire Elementalist began the quest for
                  | the Orb.
     0 | D:1      | Reached XP level 1. HP: 15/15 MP: 0/0
   173 | D:1      | Reached skill level 3 in Spellcasting
   173 | D:1      | Reached XP level 2. HP: 17/22 MP: 0/0
   314 | D:1      | Found a faded altar of an unknown god.
   809 | D:1      | Reached XP level 3. HP: 24/26 MP: 0/0
   809 | D:1      | Learned a level 1 spell: Summon Small Mammal
  1388 | D:2      | Noticed Jessica
  1395 | D:2      | Killed Jessica
  1396 | D:2      | Reached skill level 1 in Fighting
  1396 | D:2      | Reached skill level 4 in Spellcasting
  1396 | D:2      | Reached XP level 4. HP: 26/32 MP: 0/0
  1766 | D:2      | Found a white marble altar of Elyvilon.
  1769 | D:2      | Noticed Terence
  1777 | D:2      | Killed Terence
  2698 | D:3      | Reached XP level 5. HP: 33/37 MP: 0/0
  2698 | D:3      | Learned a level 2 spell: Call Imp
  2723 | D:3      | Slain by an orc

Illustrated notes

Levels and vault maps discovered:
D:1:      onia_arrival_mini_maze, layout_rooms,
          hellmonk_ecumenical_altar_heavens_door, chequers_serial_rivers_micro_c
D:2:      layout_rooms, basic_altar, serial_bayou_pond_a, minmay_unequal,
          uniq_terence, uniq_jessica
D:3:      layout_loops_cross, gammafunk_ghost_stat_death, lemuel_old_faithful,
          uniq_grinder

Skill      XL: |  1  2  3 |
---------------+----------+-----
Spellcasting   | 3 4 |  4.4
Fighting       | 1 |  1.2
Dodging        | |  2.3
Stealth        | |  1.7

Action                   |  1- 3 |  4- 6 || total
-------------------------+-------+-------++-------
Melee: Glaive            |       |     9 ||     9
 Cast: Foxfire           |    58 |    44 ||   102
       Sticky Flame      |       |     1 ||     1
Armor: Robe              |     3 |     1 ||     4
Dodge: Dodged            |    13 |    21 ||    34

Table legend: (Time is in decaauts)
 A = Elapsed time spent in this place.
 B = Non-inter-level travel time spent in this place.
 C = Inter-level travel time spent in this place.
 D = Time resting spent in this place.
 E = Time spent auto-exploring this place.
 F = Levels seen in this place.
 G = Mean time per level.
                   A        B        C        D        E       F      G
               +--------+--------+--------+--------+--------+-----+--------+
         Total |   2728 |   2680 |     48 |    447 |   1867 |   3 |  909.3 |
       Dungeon |   2728 |   2680 |     48 |    447 |   1867 |   3 |  909.3 |
               +--------+--------+--------+--------+--------+-----+--------+

Top non-repeatable levels by time:
     D:1: 1516 daAuts
     D:2: 1087 daAuts
     D:3: 124 daAuts
